 Dungeon Crawl Stone Soup version 0.19-a0-628-g9200b3b (webtiles) character file.

225 Geppetto the Shield-Bearer (level 6, -7/47 HPs)
             Began as a Formicid Fighter on June 13, 2016.
             Was an Initiate of Qazlal.
             Mangled by Aquadorian's ghost (11 damage)
             ... on level 4 of the Dungeon.
             The game lasted 00:06:24 (2355 turns).

Geppetto the Shield-Bearer (Formicid Fighter)       Turns: 2355, Time: 00:06:25

Health: -7/47      AC:  6    Str: 26    XL:     6   Next: 21%
Magic:  6/6        EV:  8    Int:  7    God:    Qazlal [......]
Gold:   212        SH: 10    Dex: 12    Spells: 0 memorised, 5 levels left

rFire  . . .     SeeInvis +     a - +0 long sword
rCold  . . .     Gourm    +     b - +0 scale mail
rNeg   . . .     Faith    .     c - +0 shield
rPois  .         Spirit   .     (helmet unavailable)
rElec  .         Dismiss  .     (no cloak)
rCorr  .         Reflect  .     (no gloves)
SustAt .         Harm     .     (no boots)
MR     .....                    i - amulet of the gourmand
Stlth  ..........               (no ring)
                                (no ring)

@: mighty, not resistant to hostile enchantments, extremely unstealthy
A: permanent stasis, dig shafts and tunnels, four strong arms, antennae 3
a: Dig, Shaft Self, Renounce Religion


You were on level 4 of the Dungeon.
You worshipped Qazlal.
Qazlal was noncommittal.
You were full.

You visited 1 branch of the dungeon, and saw 4 of its levels.

You collected 212 gold pieces.

Inventory:

Hand Weapons
 a - a +0 long sword (weapon)
Armour
 b - a +0 scale mail (worn)
 c - a +0 shield (worn)
Jewellery
 i - an amulet of the gourmand (around neck)
Wands
 m - a wand of polymorph (14/24)
 n - a wand of confusion (4/48)
Scrolls
 l - a scroll of remove curse
 p - a scroll of magic mapping {unknown}
 q - a scroll of enchant weapon {unknown}
Potions
 d - a potion of might
 e - a potion of brilliance
 g - a potion of agility {unknown}
 h - 2 potions of curing
 j - a potion of cancellation {unknown}
Comestibles
 f - 2 bread rations
 k - a royal jelly
 o - a meat ration


   Skills:
 - Level 3.2 Fighting
 * Level 5.1 Long Blades
 - Level 3.2 Armour
 + Level 5.2 Shields


You had 5 spell levels left.
You didn't know any spells.

Dungeon Overview and Level Annotations

Branches:
Dungeon (4/15)
 Temple: D:4-7

Altars:
Qazlal

Annotations:
D:4 Aquadorian's ghost, amateur HOFi


Innate Abilities, Weirdness & Mutations

You are under a permanent stasis effect.
You can dig through walls and to a lower floor.
Your four strong arms can wield two-handed weapons with a shield.
You have a pair of large antennae on your head. (SInv)


Message History

Aquadorian's ghost is severely damaged.
Aquadorian's ghost completely misses you.
You hit Aquadorian's ghost but do no damage.
Aquadorian's ghost is severely damaged.
Aquadorian's ghost hits you but does no damage.
You feel very mighty all of a sudden. You block Aquadorian's ghost's attack.
You hit Aquadorian's ghost.
Aquadorian's ghost is severely damaged.
You block Aquadorian's ghost's attack.
You slash Aquadorian's ghost!
Aquadorian's ghost is almost destroyed.
Aquadorian's ghost hits you!
* * * LOW HITPOINT WARNING * * *
You hit Aquadorian's ghost but do no damage.
Aquadorian's ghost is almost destroyed.
Aquadorian's ghost hits you.
* * * LOW HITPOINT WARNING * * *
Aquadorian's ghost hits you!
You die...

....... #.##########
####... #..........# ..##.#
.##.........# ...#.# {
............# ...#.#
#...†.....# .....## {
#.?.†.....##### ...#..#####
#######.......#
...#......#########.......#
..##.##.........@Wh.<.....#
####....###########.......#
÷.....### #.......# #.....#
######### #######


You could see Aquadorian's ghost and a jackal.

Vanquished Creatures
  A hound (D:4)
  A giant frog skeleton (D:4)
  An iguana (D:4)
  A worker ant (D:4)
  3 gnolls (D:2)
  3 adders
  A worm (D:2)
  4 dart slugs
  A giant gecko (D:3)
  An orc (D:3)
  4 giant cockroaches
  4 goblins
  3 hobgoblins
  9 jackals
  8 kobolds
  A ball python (D:2)
  5 bats
  3 giant newts
  3 rats
57 creatures vanquished.

Notes
Turn   | Place    | Note
--------------------------------------------------------------
     0 | D:1      | Geppetto the Formicid Fighter began the quest for the Orb.
     0 | D:1      | Reached XP level 1. HP: 18/18 MP: 1/1
   192 | D:1      | Reached XP level 2. HP: 15/24 MP: 2/2
   378 | D:1      | You fall through a shaft!
   384 | D:2      | Reached XP level 3. HP: 23/29 MP: 3/3
   488 | D:2      | Reached XP level 4. HP: 13/35 MP: 4/4
  1490 | D:3      | Reached XP level 5. HP: 41/41 MP: 5/5
  2228 | D:4      | Reached skill level 5 in Shields
  2244 | D:4      | Found a stormy altar of Qazlal.
  2251 | D:4      | Became a worshipper of Qazlal Stormbringer
  2284 | D:4      | Reached XP level 6. HP: 47/47 MP: 6/6
  2317 | D:4      | Noticed Aquadorian's ghost (amateur HOFi)
  2323 | D:4      | Reached skill level 5 in Long Blades
  2355 | D:4      | Mangled by Aquadorian's ghost

Vault maps used:
D:1:      lightli_arrival_noodles, hangedman_decor_opposing
D:2:      first_bread, kennysheep_potato
D:3:      minmay_misc_feat_tower
D:4:      old_standard_altar, nicolae_overflow_hidden_temple,
          overflow_temple_1_default, grunt_ministairs_9

Skill      XL: |  1  2  3  4  5  6 |
---------------+-------------------+-----
Long Blades    | 3 4 5 |  5.1
Shields        | 4 5 |  5.2
Fighting       | |  3.2
Armour         | |  3.2

Action                   |  1- 3 |  4- 6 || total
-------------------------+-------+-------++-------
Melee: Long sword        |    66 |   150 ||   216
  Use: Scroll            |       |     4 ||     4
       Potion            |       |     1 ||     1
  Eat: Chunk             |       |    14 ||    14
Armor: Scale mail        |    53 |    44 ||    97
Dodge: Dodged            |    25 |    41 ||    66
Block: Shield            |    60 |    90 ||   150
